 Dungeon Crawl Stone Soup version 0.18-a0-1677-g2bdad6c (webtiles) character file.

65 wagjo the Shooter (level 3, 0/30 HPs)
             Began as a Minotaur Hunter on Apr 2, 2016.
             Was an Initiate of Pakellas.
             Slain by a hobgoblin (1 damage)
             ... on level 3 of the Dungeon.
             The game lasted 00:25:11 (1351 turns).

wagjo the Shooter (Minotaur Hunter)                 Turns: 1351, Time: 00:25:12

Health: 0/30       AC:  3    Str: 16    XL:     3   Next: 92%
Magic:  2/2        EV:  7    Int:  8    God:    Pakellas [......]
Gold:   137        SH:  0    Dex: 11    Spells: 0 memorised, 2 levels left

rFire  . . .     SeeInvis .     a - +2 shortbow
rCold  . . .     Gourm    .     c - +0 leather armour
rNeg   . . .     Faith    .     (shield currently unavailable)
rPois  .         Spirit   .     (helmet restricted)
rElec  .         Dismiss  .     (no cloak)
rCorr  .         Reflect  .     (no gloves)
SustAt .         Harm     .     (no boots)
MR     .....                    g - amulet of magic regeneration
Stlth  ..........               (no ring)
                                B - ring of loudness

@: lethally poisoned (0 -> -2), not resistant to hostile enchantments, extremely
unstealthy
A: retaliatory headbutt, horns 2
a: Renounce Religion


You were on level 3 of the Dungeon.
You worshipped Pakellas.
Pakellas was noncommittal.
You were not hungry.

You visited 1 branch of the dungeon, and saw 3 of its levels.

You collected 137 gold pieces.

Inventory:

Hand Weapons
 a - a +2 shortbow (weapon)
 b - a +0 short sword
 e - a +0 spear
 i - a cursed +0 club
 m - a +0 long sword
 n - a +0 club
 o - a +0 dagger
 p - a +0 whip
 r - a +0 short sword
 y - a +0 whip
Missiles
 d - 11 arrows (quivered)
 k - 51 stones
 s - 8 tomahawks
 u - 19 sling bullets
Armour
 c - a +0 leather armour (worn)
 h - a +0 buckler
 x - a +0 leather armour
Jewellery
 g - an amulet of magic regeneration (around neck)
 B - a ring of loudness (left hand)
Potions
 q - a potion of haste {unknown}
 v - a potion of curing
 w - a potion of heal wounds
 C - 2 potions of resistance {unknown}
Comestibles
 f - 3 bread rations
 j - 4 chunks of flesh
 l - a beef jerky
 t - 2 meat rations


   Skills:
 + Level 2.4 Fighting
 + Level 0.2 Polearms
 + Level 5.7 Bows
 + Level 0.8 Armour
 + Level 2.6 Dodging
 + Level 0.8 Stealth


You had 2 spell levels left.
You didn't know any spells.

Dungeon Overview and Level Annotations

Branches:
Dungeon (3/15)

Altars:
Ashenzari
Pakellas

Annotations:
D:3 Woebin's ghost, amateur HOFi


Innate Abilities, Weirdness & Mutations

You reflexively headbutt those who attack you in melee.
You have a pair of horns on your head.


Message History

2 jackals come into view.
The jackal barks! x2
The adder bites you.
* * * LOW HITPOINT WARNING * * *
You are lethally poisoned!
The adder poisons you!
A giant cockroach comes into view.
* * * LOW HITPOINT WARNING * * *
You feel sick.
The rat twitches its whiskers.
The adder closely misses you. The adder closely misses you.
Found a stone staircase leading up.
* * * LOW HITPOINT WARNING * * *
You feel sick.
You see here a potion of heal wounds.
There is a stone staircase leading up here.
The adder barely misses you. The hobgoblin hits you.
You die...
Pakellas says: Time to find a new assistant...

#...K...#....
#............ .
#............ .
#....##......
#.h..........
#..h.W.......
........##hr.......
....h...##Sg.......
........##.@.......
........##.........
........+<.........
..##...s##.........
.. ####............
##........#
..........
.##.......


You could see Woebin's ghost, an adder, 3 jackals, a hobgoblin and a rat.

Vanquished Creatures
  An adder (D:2)
  A worm (D:1)
  3 giant geckos
  2 giant cockroaches
  5 goblins
  8 hobgoblins
  8 jackals
  6 bats
  2 giant newts
  3 kobolds
  6 rats
45 creatures vanquished.

Notes
Turn   | Place    | Note
--------------------------------------------------------------
     0 | D:1      | wagjo the Minotaur Hunter began the quest for the Orb.
     0 | D:1      | Reached XP level 1. HP: 18/18 MP: 0/0
   173 | D:1      | Reached XP level 2. HP: 14/25 MP: 1/1
   212 | D:1      | Reached skill level 5 in Bows
   600 | D:1      | Reached XP level 3. HP: 28/30 MP: 2/2
  1279 | D:2      | You fall through a shaft!
  1279 | D:3      | Found an oddly glowing altar of Pakellas.
  1289 | D:3      | Became a worshipper of Pakellas the Inventive
  1308 | D:3      | Found a shattered altar of Ashenzari.
  1311 | D:3      | Noticed Woebin's ghost (amateur HOFi)
  1349 | D:3      | HP: 1/30 [poisoned by an adder]
  1351 | D:3      | Slain by a hobgoblin

Vault maps used:
D:1:      saegor_arrival_simple_c
D:2:      first_bread
D:3:      grunt_temple_overflow_magic_moments, nicolae_overflow_crystal_walls,
          grunt_temple_overflow_diamond, lemuel_round_altar

Skill      XL: |  1  2 |
---------------+-------+-----
Bows           | 5 |  5.7
Fighting       | |  2.4
Polearms       | |  0.2
Armour         | |  0.8
Dodging        | |  2.6
Stealth        | |  0.8

Action                   || total
-------------------------++-------
Melee: Spear             ||    27
       Long sword        ||     8
 Fire: Shortbow          ||    86
  Use: Scroll            ||     7
  Eat: Chunk             ||     1
